 Dungeon Crawl Stone Soup version 0.30.1-6-gbe392663c4 (webtiles) character file.

Game seed: 17636592570570709763

616 Kurtz the Cleaver (level 7, 0/41 HPs)
             Began as a Tengu Fighter on Sept 20, 2023.
             Slain by Edmund
             ... wielding a +2 flail of protection
              (13 damage)
             ... on level 3 of the Dungeon.
             The game lasted 00:05:16 (3337 turns).

Kurtz the Cleaver (Tengu Fighter)                   Turns: 3337, Time: 00:05:16

Health: 0/41       AC:  8    Str: 22    XL:     7   Next: 45%
Magic:  8/8        EV: 11    Int:  5    God:
Gold:   205        SH:  5    Dex: 16    Spells: 6/6 levels left

rFire   . . .        n - +2 mace of the Hills {pain, rC+ Int-4 Dex+3 Stlth+}
rCold   + . .        c - +0 buckler
rNeg    . . .        v - +2 scale mail "Ryajoagi" {Str+4}
rPois   .            (helmet restricted)
rElec   .            (no cloak)
rCorr   .            (no gloves)
SInv    .            (boots unavailable)
Will    .....        (no amulet)
Stlth   +            (no ring)
HPRegen 0.26/turn    (no ring)
MPRegen 0.11/turn

%: no passive effects
@: flying quickly and evasively, quick
A: beak, talons 3, nimble flight
a: no special abilities


You were on level 3 of the Dungeon.
You visited 1 branch of the dungeon, and saw 4 of its levels.
You also visited: Sewer.

You collected 205 gold pieces.

Inventory:

Hand Weapons
 a - a +0 war axe
 k - a +1 hand axe of freezing
 n - the +2 mace of the Hills (weapon) {pain, rC+ Int-4 Dex+3 Stlth+}
   (You found it on level 2 of the Dungeon)

   Int:       It affects your intelligence (-4).
   Dex:       It affects your dexterity (+3).
   rC:        It protects you from cold.
   Stlth:     It makes you more stealthy.
Armour
 c - a +0 buckler (worn)
 l - the +0 ring mail of the Stag {MP-9 Str+3 Dex+3}
   (You found it on level 2 of the Dungeon)

   Str:       It affects your strength (+3).
   Dex:       It affects your dexterity (+3).
   MP:        It affects your magic capacity (-9).
 q - a +0 chain mail
 v - the +2 scale mail "Ryajoagi" (worn) {Str+4}
   (You found it on level 4 of the Dungeon)

   Str:       It affects your strength (+4).
Jewellery
 f - a ring of flight
Scrolls
 b - a scroll of vulnerability {unknown}
 e - a scroll of fog {unknown}
 g - 2 scrolls of blinking
 h - 2 scrolls of enchant armour {unknown}
 j - a scroll of acquirement {unknown}
 o - a scroll of summoning {unknown}
 u - a scroll of noise {unknown}
Potions
 d - a potion of might
 i - a potion of curing {unknown}
 m - a potion of heal wounds {unknown}
 p - a potion of invisibility {unknown}
 r - a potion of degeneration {unknown}
 s - a potion of attraction {unknown}
 w - a potion of haste {unknown}


   Skills:
 - Level 3.0 Fighting
 * Level 8.9 Axes
 - Level 3.2 Armour
 - Level 3.0 Shields


You had 6 spell levels left.
You didn't know any spells.
Your spell library contained the following spells:

 Spells                   Type           Power      Damage    Failure   Level
 Beastly Appendage        Tmut           0%         N/A       86%         1
 Sandblast                Erth           0%         2d4       86%         1
 Passwall                 Tmut/Erth      0%         N/A       95%         2
 Poisonous Vapours        Pois/Air       0%         N/A       95%         2
 Wereblood                Tmut           0%         N/A       95%         2
 Call Canine Familiar     Summ           0%         N/A       99%         3
 Dazzling Flash           Conj/Hex       0%         N/A       99%         3
 Ignite Poison            Fire/Tmut/Pois 0%         N/A       99%         3
 Mephitic Cloud           Conj/Pois/Air  0%         N/A       99%         3
 Portal Projectile        Hex/Tloc       0%         N/A       99%         3
 Spider Form              Tmut/Pois      0%         N/A       99%         3
 Stone Arrow              Conj/Erth      0%         3d7       99%         3
 Leda's Liquefaction      Hex/Erth       0%         N/A       100%        4
 Sticky Flame             Conj/Fire      0%         2d3       100%        4
 Agony                    Necr           0%         N/A       100%        5
 Freezing Cloud           Conj/Ice/Air   0%         6-21      100%        5
 Silence                  Hex/Air        0%         N/A       100%        5
 Ignition                 Fire           0%         3d3       100%        8


Dungeon Overview and Level Annotations

Branches:
Dungeon (4/15)              Sewer (visited)
 Temple: D:4-7

Altars:
Dithmenos
Hepliaklqana
The Shining One

Annotations:
D:3 Edmund, Sigmund


Innate Abilities, Weirdness & Mutations

You have a beak for a mouth.
You have claws for feet.
Your magical nature lets you fly swiftly and evasively.


Message History

There is an open door here.
You hit Edmund. You claw Edmund, but do no damage. You peck Edmund.
Edmund is severely wounded.
Edmund struggles against the net.
Edmund says, "A flail is better than a scythe, any day of the week!"
Edmund struggles against the net.
You hit Edmund but do no damage. Your kick misses Edmund.
Edmund is severely wounded.
Edmund struggles against the net.
You hit Edmund but do no damage. You claw Edmund, but do no damage.
Edmund is severely wounded.
Edmund struggles against the net.
The net rips apart, and Edmund comes free!
You hit Edmund. You claw Edmund.
Edmund is severely wounded.
Edmund hits you with a +2 flail of protection!
You hit Edmund but do no damage. You claw Edmund.
Edmund is severely wounded.
Edmund hits you with a +2 flail of protection.
* * * LOW HITPOINT WARNING * * *
Edmund barely misses you.
You barely miss Edmund. Your peck misses Edmund.
Edmund is severely wounded.
Edmund completely misses you.
You hit Edmund. You claw Edmund!
Edmund is almost dead.
Edmund closely misses you.
You barely miss Edmund.
Edmund is almost dead.
Edmund closely misses you.
You closely miss Edmund.
Edmund is almost dead.
Edmund barely misses you.
You closely miss Edmund. Your kick misses Edmund.
Edmund is almost dead.
Edmund misses you.
You hit Edmund but do no damage.
Edmund is almost dead.
Edmund hits you with a +2 flail of protection!
You die...

#@##.#####.# #.#.#.# #..........#
#.#.#.# ##########.#######
#.#.#.#### ..........@#
#.#.#..... ...........#
#########{#.#..... ...........#
#.........#.#..... ....)......##
#.#########.#.#### ............##
#.# #<....#.#.#
.............###@#######.#.#'####
...........#...@.........#.......
...........##............#.......
...........###...........#.......
...........# #.#.........#.#....†
##############...#########.######
#.........## #.......
#..........# ########
#..........######## #.....


You could see Edmund.

Vanquished Creatures
  Menkaure (D:4)
  2 bullfrogs (Sewer)
  A scorpion (D:4)
  An orc priest (D:3)
  Terence (D:3)
  An iguana (D:4)
  An orc wizard (D:4)
  6 adders
  3 gnolls (D:3)
  A worm (D:3)
  8 orcs
  10 ball pythons
  3 bats
  13 endoplasms
  7 giant cockroaches
  12 goblins
  5 hobgoblins
  11 quokkas
  16 frilled lizards
  6 kobolds
  9 rats
118 creatures vanquished.

Notes
Turn   | Place    | Note
-------+----------+-------------------------------------------
     0 | D:1      | Kurtz the Tengu Fighter began the quest for the Orb.
     0 | D:1      | Reached XP level 1. HP: 14/14 MP: 2/2
   106 | D:1      | Reached XP level 2. HP: 12/19 MP: 3/3
   107 | D:1      | Reached skill level 3 in Axes
   250 | D:1      | Found a faded altar of an unknown god.
   745 | D:2      | Identified the +0 ring mail of the Stag {MP-9 Str+3 Dex+3}
   790 | D:2      | Reached skill level 4 in Axes
   790 | D:2      | Reached XP level 3. HP: 14/23 MP: 0/4
  1018 | D:2      | Identified the +2 mace of the Hills {pain, rC+ Int-4 Dex+3
                  | Stlth+}
  1064 | D:2      | Found a glowing golden altar of the Shining One.
  1635 | D:3      | Reached XP level 4. HP: 28/28 MP: 0/5
  1710 | D:3      | Noticed Terence
  1712 | D:3      | Found a glowing drain.
  1720 | D:3      | Killed Terence
  1721 | D:3      | Reached skill level 5 in Axes
  1790 | Sewer    | Entered a sewer
  1960 | Sewer    | Gained mutation: Your magical nature lets you fly swiftly
                  | and evasively. [Tengu growth]
  1960 | Sewer    | Reached XP level 5. HP: 32/32 MP: 6/6
  2059 | Sewer    | Reached skill level 6 in Axes
  2075 | Sewer    | Reached skill level 7 in Axes
  2075 | Sewer    | Reached XP level 6. HP: 34/37 MP: 7/7
  2080 | Sewer    | Identified the staff of earth "Nidegume" {Will+}
  2700 | D:3      | Noticed Sigmund
  2886 | D:4      | Noticed Menkaure
  2926 | D:4      | Killed Menkaure
  2927 | D:4      | Reached skill level 8 in Axes
  2927 | D:4      | Reached XP level 7. HP: 34/41 MP: 8/8
  2979 | D:4      | Found a shadowy altar of Dithmenos.
  3001 | D:4      | Identified the +2 scale mail "Ryajoagi" {Str+4}
  3027 | D:4      | Found a hazy altar of Hepliaklqana.
  3271 | D:4      | Noticed Edmund
  3337 | D:3      | Slain by Edmund

Illustrated notes

Levels and vault maps discovered:
D:1:      dpeg_arrival_simpleton_c, layout_basic,
          chequers_ecumenical_altar_simple_redux
D:2:      layout_basic, basic_altar
D:3:      layout_basic, cheibrodos_sewer_entry_bend, kennysheep_generic_room_14,
          uniq_terence, uniq_sigmund
D:4:      layout_basic, mainiacjoe_overflow_alcove_2, tgw_fedhas,
          lemuel_crystal_altar, uniq_edmund, uniq_menkaure

Skill      XL: |  1  2  3  4  5  6 |
---------------+-------------------+-----
Axes           | 4 5 7 8 |  8.9
Fighting       | |  3.0
Armour         | |  3.2
Shields        | |  3.0

Action                     |  1- 3 |  4- 6 |  7- 9 || total
---------------------------+-------+-------+-------++-------
  Melee: War axe           |    20 |       |       ||    20
         Kick              |    11 |    39 |    15 ||    65
         Peck              |     4 |    14 |    12 ||    30
         Hand axe          |    17 |       |       ||    17
         Mace              |    19 |   169 |    50 ||   238
  Throw: Throwing net      |       |     1 |     1 ||     2
   Stab: Sleeping          |     1 |       |       ||     1
 Armour: Scale mail        |    19 |       |     9 ||    28
         Ring mail         |     7 |     1 |       ||     8
         Chain mail        |       |    79 |     5 ||    84
  Dodge: Dodged            |    17 |    76 |    25 ||   118
  Block: Buckler           |    14 |    37 |     8 ||    59
